 Dungeon Crawl Stone Soup version 0.29.0-15-g675c0067aa (webtiles) character file.

Game seed: 16401317158491169488

116087 qw the Peltast (level 16, -8/232 HPs)
             Began as a Minotaur Berserker on Sept 11, 2022.
             Was an Elder of Trog.
             Mangled by a demonic crawler (11 damage)
             ... on level 2 of the Spider Nest.
             The game lasted 00:10:11 (33439 turns).

qw the Peltast (Minotaur Berserker)                Turns: 33439, Time: 00:10:11

Health: -8/232     AC: 24    Str: 34    XL:     16   Next: 20%
Magic:  15/15      EV:  5    Int:  4    God:    Trog [****..]
Gold:   242        SH:  0    Dex: 12    Spells: 15/15 levels left

rFire   . . .      SeeInvis +   s - +6 war axe (spect)
rCold   . . .      Faith    .   t - +0 tower shield
rNeg    . . .      Spirit   .   u - +2 plate armour
rPois   .          Reflect  .   p - +1 hat
rElec   .          Harm     .   e - scarf {repulsion}
rCorr   .          Rampage  .   x - +0 pair of gloves
Will    +....                   l - +2 pair of boots
Stlth   ..........              (no amulet)
HPRegen 0.48/turn               j - ring of see invisible
MPRegen 0.14/turn               i - +6 ring of strength

@: berserking (expiring), lethally poisoned (-8 -> -9), marked, held, repel
missiles, very quick
A: horns 2, retaliatory headbutt
a: Renounce Religion, Berserk, Trog's Hand, Brothers in Arms


You were on level 2 of the Spider Nest.
You worshipped Trog.
Trog was greatly pleased with you.
You visited 4 branches of the dungeon, and saw 24 of its levels.
You also visited: Ossuary.

You collected 2191 gold pieces.
You spent 1949 gold pieces at shops.


Innate Abilities, Weirdness & Mutations

You have a pair of horns on your head.
You reflexively headbutt those who attack you in melee.


   Skills:
 - Level 17.0 Fighting
 - Level 16.0 Axes
 - Level 8.0 Throwing
 + Level 14.6 Armour
 - Level 8.0 Dodging
 - Level 19.0 Shields


You had 15 spell levels left.
You didn't know any spells.
Your spell library was empty.

Inventory:

Hand Weapons
 h - a -1 demon whip of venom
 s - a +6 spectral war axe (weapon)
Missiles
 d - 2 javelins (quivered)
 q - 8 boomerangs
Armour
 e - a scarf of repulsion (worn)
 l - a +2 pair of boots (worn)
 n - a +1 cloak
 p - a +1 hat (worn)
 t - a +0 tower shield (worn)
 u - a +2 plate armour (worn)
 x - a +0 pair of gloves (worn)
Jewellery
 i - a +6 ring of strength (right hand)
 j - a ring of see invisible (left hand)
 Y - a ring of protection from cold
Scrolls
 o - 18 scrolls of identify
 r - 7 scrolls of teleportation
 w - a scroll of brand weapon
Potions
 a - 3 potions of mutation
 b - 3 potions of might
 c - 2 potions of cancellation
 f - 5 potions of heal wounds
 k - 9 potions of curing
 m - a potion of resistance
 v - a potion of haste

Dungeon Overview and Level Annotations

Branches:
Dungeon (15/15)            Temple (0/1) D:6            Lair (5/5) D:11
  Swamp (0/4) Lair:3       Spider (2/4) Lair:3        Slime (0/5) Lair:5
    Orc (2/2) D:10            Elf (0/3) Orc:2        Vaults (0/5) D:14
 Depths (0/4) D:15        Ossuary (visited)

Altars:
Dithmenos
Elyvilon
Hepliaklqana
Okawaru
Trog
Uskayaw

Shops:
D:3 [   Orc:2 (([=*

Portals:
Trove: D:15 (give 2 scrolls of acquirement)

Annotations:
D:2 1 runed translucent door, Crazy Yiuf
D:6 3 runed translucent doors, qw's ghost, novice MiBe; qw's ghost, weakling GrDe
D:7 2 transporters, qw's ghost, novice GrFi
Lair:5 1 runed translucent door
Spider:2 Arachne


Message History

The web tears apart.
You feel sick.
Arachne is healed somewhat.
You block the tarantella's attack.
You closely miss the tarantella.
The tarantella is moderately wounded.
You slash the wolf spider! You slash the culicivora!
Your +6 spectral war axe hits the wolf spider!!
Your +6 spectral war axe hits the tarantella.
You block the culicivora's attack.
You catch the helpless wolf spider completely off-guard!
You slice the wolf spider like a ripe choko!!!
You kill the wolf spider!
Trog accepts your kill.
You closely miss the tarantella. You slash the tarantella!
You kill the tarantella!
Trog accepts your kill.
You closely miss the culicivora.
Your +6 spectral war axe hits the tarantella!
Your +6 spectral war axe hits the culicivora.
You feel sick.
The tarantella touches your +6 spectral war axe but does no damage.
You barely miss the culicivora. You headbutt the culicivora!
The culicivora is almost dead.
You barely miss the tarantella.
You hit the demonic crawler but do no damage.
Your +6 spectral war axe misses the tarantella.
Your +6 spectral war axe hits the culicivora!
You feel the power of Trog in you as your rage grows.
You kill the culicivora!
Trog accepts your kill.
Arachne says, "You'll find yourself a bit attached to my weave."
Arachne's staff shoots out a stream of webbing.
The stream of webbing hits you but does no damage.
You are caught in a web!
The tarantella touches you but does no damage.
You struggle to detach yourself from the web.
You feel sick.
The jumping spider leaps!
The orb spider pulsates with a strange energy.
The demonic crawler hits you but does no damage.
The demonic crawler hits you. The demonic crawler hits you!
You die...

#...## ##.##....#
.... .......%.##
...... ####....<.#
...... ##......##
...... #........#
......
#.......H.##.......
#..#.....%s.........
..#.....¤@%%s##.....
..#.....¤%s..%......
#...........#..##.
#.s.......### .#
..........# .
##.....0.##
#.#.....## ....##..#
#..


You could see Arachne, a demonic crawler, an orb spider (charged), a jumping
spider and a tarantella.

Vanquished Creatures
  Mlioglotl (Spider:1)
  Frances (D:14)
  Agnes (D:14)
  Gastronok (Lair:3)
  Kirke (D:15)
  A ghost moth (Spider:1)
  2 broodmothers
  A very ugly thing (D:15)
  A stone giant (Orc:2)
  An entropy weaver (Spider:2)
  Azrael (D:14)
  A spark wasp (Spider:1)
  3 ettins (Orc:2)
  Josephine (D:14)
  A great orb of eyes (D:15)
  9 hydras
  Fannar (Lair:3)
  7 boulder beetles
  2 vault guards (D:14)
  A jorogumo (Spider:1)
  Erica (D:11)
  7 centaur warriors
  4 catoblepae
  3 two-headed ogres
  8 death yaks (Lair:5)
  An orc high priest (Orc:2)
  Amaemon (D:8)
  A pharaoh ant (Spider:1)
  A sun moth (Spider:1)
  A steelbarb worm (Spider:2)
  An orc knight (Orc:1)
  2 necromancers (D:14)
  A deep elf pyromancer (D:14)
  8 wolf spiders
  13 ugly things
  7 manticores
  10 cyclopes
  A moth of wrath (Spider:1)
  A black mamba (Lair:5)
  3 gargoyles
  6 kobold demonologists
  An orange demon (D:8)
  2 unseen horrors
  A torpor snail (Lair:2)
  2 rime drakes
  12 cane toads
  A demonic crawler (Spider:1)
  A freezing wraith (D:15)
  11 komodo dragons
  2 trolls
  3 polar bears
  13 tarantellas
  A raiju (shapeshifter) (D:13)
  8 blink frogs
  2 hornets
  6 jumping spiders
  13 slime creatures
  2 spriggans (Lair:4)
  A vampire (D:11)
  11 culicivoras
  Sigmund (D:5)
  9 wraiths
  2 shadows
  18 humans (D:14)
  4 water elementals (D:15)
  3 wyverns
  2 fire elementals (D:14)
  63 yaks
  A hog (shapeshifter) (D:15)
  Grum (D:8)
  3 basilisks
  5 hogs (D:15)
  A steam dragon (D:8)
  4 vampire mosquitoes (D:13)
  23 redbacks
  3 wargs
  2 acid dragons (D:12)
  2 hell hounds (D:14)
  18 water moccasins
  15 orc warriors
  3 black bears
  2 ice beasts (D:6)
  A black bear (shapeshifter) (D:13)
  5 ogres
  18 wolves
  11 centaurs
  A phantom (D:5)
  2 necrophages (D:6)
  7 kobold brigands
  9 bullfrogs
  A gnoll sergeant (D:8)
  5 scorpions
  3 wights (D:10)
  5 killer bees (D:8)
  3 howler monkeys
  8 electric eels
  3 hounds
  3 gnoll boudas
  16 orc priests
  5 iguanas
  Ijyb (D:3)
  Natasha (thrice) (D:3)
  25 orc wizards
  A mummy (Ossuary)
  Robin (D:3)
  17 gnolls
  8 adders
  A shadow imp (D:7)
  2 white imps
  2 ufetubi
  3 dart slugs
  53 orcs
  7 spectral bats (Ossuary)
  4 endoplasms
  5 giant cockroaches
  13 goblins
  11 hobgoblins
  4 jackals (D:3)
  32 kobolds
  4 quokkas
  6 ball pythons
  A bat (D:1)
  6 frilled lizards
  12 gnoll zombies (Ossuary)
  4 goblin simulacra (Ossuary)
  2 goblin zombies (Ossuary)
  2 hobgoblin zombies (Ossuary)
  2 kobold simulacra (Ossuary)
  5 kobold zombies (Ossuary)
  9 orc zombies (Ossuary)
  7 rats
  4 rat simulacra (Ossuary)
  2 spectral goblins (Ossuary)
  3 spectral kobolds (Ossuary)
  2 spectral rats (Ossuary)
767 creatures vanquished.

Vanquished Creatures (collateral kills)
  A spark wasp (Spider:1)
  A hydra (Lair:5)
  A wolf spider (Spider:1)
  A demonic crawler (Spider:1)
4 creatures vanquished.

Vanquished Creatures (others)
  A wizard (D:14)
  A human (D:15)
  An orc (Orc:1)
  15 fungi
  129 plants
  6 withered plants (D:6)
153 creatures vanquished.

Grand Total: 924 creatures vanquished

Notes
Turn   | Place    | Note
-------+----------+-------------------------------------------
     0 | D:1      | qw the Minotaur Berserker began the quest for the Orb.
     0 | D:1      | Reached XP level 1. HP: 19/19 MP: 0/0
     0 | D:1      | 0 ||| qw: Version: 0.1-a-119-g272c26d
     0 | D:1      | 0 ||| qw: Game counter: 10683
     0 | D:1      | 0 ||| qw: Always use a shield: true
     0 | D:1      | 0 ||| qw: Do Orc after D:15 true
     0 | D:1      | 0 ||| qw: Do second Lair branch before Depths: true
     0 | D:1      | 0 ||| qw: Lair rune preference: random
     0 | D:1      | 0 ||| qw: Plans: Normal
     0 | D:1      | 0 ||| PLANNING D:1-11
   145 | D:1      | 145 ||| INVOKING Berserk.
   146 | D:1      | Reached XP level 2. HP: 18/26 MP: 1/1
   608 | D:1      | 608 ||| Stepping ~*~*~tactically~*~*~ (stealth).
   724 | D:1      | 724 ||| Stepping ~*~*~tactically~*~*~ (stealth).
   809 | D:1      | Reached XP level 3. HP: 28/31 MP: 2/2
   902 | D:1      | 902 ||| UPGRADING to +0 buckler.
   907 | D:1      | 907 ||| UPGRADING to +0 leather armour.
   917 | D:1      | 917 ||| DROPPING +0 animal skin.
   918 | D:1      | 918 ||| UPGRADING to +0 pair of boots.
   923 | D:1      | 923 ||| UPGRADING to ring of protection from cold.
   924 | D:1      | 924 ||| READING scroll labelled JAROIJ XEZAIZY.
  1057 | D:1      | 1057 ||| READING scroll labelled WYWUOF VERR.
  1058 | D:1      | 1058 ||| READING scroll labelled CUOFAE ATRU.
  1059 | D:1      | 1059 ||| READING scroll labelled BUADWEON COC.
  1345 | D:2      | Found a hide-covered altar of Uskayaw.
  1347 | D:2      | 1347 ||| DROPPING +0 club.
  1472 | D:2      | Found a faded altar of an unknown god.
  1509 | D:2      | 1509 ||| FLEEEEING.
  1510 | D:2      | 1510 ||| FLEEEEING.
  1511 | D:2      | 1511 ||| FLEEEEING.
  1512 | D:2      | 1512 ||| FLEEEEING.
  1513 | D:2      | 1513 ||| FLEEEEING.
  1514 | D:2      | 1514 ||| FLEEEEING.
  1523 | D:2      | Reached skill level 1 in Shields
  1573 | D:2      | Found a runed translucent door.
  1574 | D:2      | Noticed Crazy Yiuf
  1764 | D:2      | Reached ** piety under Trog
  1920 | D:2      | 1920 ||| UPGRADING to scarf of repulsion.
  1925 | D:2      | 1925 ||| DROPPING amulet of faith.
  1926 | D:2      | 1926 ||| UPGRADING to +6 ring of strength.
  1927 | D:2      | 1927 ||| READING scroll labelled TITIOS JAOWI.
  1928 | D:2      | 1928 ||| READING scroll labelled OGYMUE ORGHILYCRO.
  1929 | D:2      | 1929 ||| DRINKING 2 white potions.
  1949 | D:3      | 1949 ||| INVOKING Berserk.
  1955 | D:3      | Reached skill level 6 in Axes
  1955 | D:3      | Reached XP level 4. HP: 39/39 MP: 3/3
  2102 | D:3      | Noticed Natasha
  2103 | D:3      | 2103 ||| FLEEEEING.
  2104 | D:3      | 2104 ||| FLEEEEING.
  2107 | D:3      | 2107 ||| Stepping ~*~*~tactically~*~*~ (hiding).
  2109 | D:3      | 2109 ||| INVOKING Berserk.
  2112 | D:3      | Killed Natasha
  2113 | D:3      | Reached skill level 2 in Shields
  2264 | D:3      | Noticed Ijyb
  2265 | D:3      | 2265 ||| FLEEEEING.
  2271 | D:3      | 2271 ||| INVOKING Berserk.
  2273 | D:3      | Killed Ijyb
  2274 | D:3      | Reached XP level 5. HP: 45/45 MP: 4/4
  2461 | D:3      | 2461 ||| Stepping ~*~*~tactically~*~*~ (stealth).
  2493 | D:3      | 2493 ||| Stepping ~*~*~tactically~*~*~ (stealth).
  2498 | D:3      | Noticed Natasha
  2502 | D:3      | 2502 ||| INVOKING Berserk.
  2509 | D:3      | Killed Natasha
  2575 | D:3      | Noticed Natasha
  2579 | D:3      | 2579 ||| INVOKING Berserk.
  2582 | D:3      | Killed Natasha
  2779 | D:3      | 2779 ||| DROPPING +0 whip.
  2945 | D:3      | 2945 ||| Stepping ~*~*~tactically~*~*~ (stealth).
  2946 | D:3      | 2946 ||| Stepping ~*~*~tactically~*~*~ (stealth).
  2959 | D:3      | Found Teci Ria's Armour Shop.
  2979 | D:3      | 2979 ||| SHOPLISTING +0 plate armour (276 gold, have 85).
  2979 | D:3      | 2979 ||| SHOPLISTING +2 plate armour of Munuyxa {rCorr
                  | Str+3} (622 gold, have 85).
  2996 | D:3      | 2996 ||| INVOKING Berserk.
  3002 | D:3      | Reached XP level 6. HP: 52/52 MP: 5/5
  3209 | D:3      | 3209 ||| Stepping ~*~*~tactically~*~*~ (stealth).
  3214 | D:3      | 3214 ||| Stepping ~*~*~tactically~*~*~ (stealth).
  3309 | D:3      | Noticed Robin
  3310 | D:3      | 3310 ||| INVOKING Berserk.
  3311 | D:3      | Killed Robin
  3333 | D:3      | 3333 ||| Stepping ~*~*~tactically~*~*~ (stealth).
  3540 | D:3      | 3540 ||| UPGRADING to +0 chain mail.
  3550 | D:3      | 3550 ||| DROPPING +0 leather armour.
  3551 | D:3      | 3551 ||| READING scroll labelled IMOALA ESIY.
  3552 | D:3      | 3552 ||| READING scroll labelled UDGHASK FETOI.
  3553 | D:3      | 3553 ||| READING scroll labelled LOYBUB LOIPP.
  3593 | D:4      | 3593 ||| PLANNING OSSUARY
  4097 | D:4      | Found a sand-covered staircase.
  4098 | D:4      | 4098 ||| READING 2 scrolls of identify.
  4098 | D:4      | 4098 ||| IDENTIFYING fizzy white potion
  4104 | D:4      | 4104 ||| FLEEEEING.
  4105 | D:4      | 4105 ||| FLEEEEING.
  4106 | D:4      | 4106 ||| FLEEEEING.
  4107 | D:4      | 4107 ||| FLEEEEING.
  4108 | D:4      | 4108 ||| FLEEEEING.
  4112 | D:4      | 4112 ||| FLEEEEING.
  4113 | D:4      | 4113 ||| STAIRDANCE
  4118 | D:4      | 4118 ||| STAIRDANCE
  4132 | Ossuary  | Entered an ossuary
  4157 | Ossuary  | Reached *** piety under Trog
  4210 | Ossuary  | 4210 ||| Stepping ~*~*~tactically~*~*~ (stealth).
  4260 | Ossuary  | 4260 ||| Stepping ~*~*~tactically~*~*~ (stealth).
  4397 | Ossuary  | Reached **** piety under Trog
  4632 | Ossuary  | 4632 ||| READING scroll labelled BUICYC WOLIMMI.
  4633 | Ossuary  | 4633 ||| READING scroll labelled VEVIPNO MENNAO.
  4634 | Ossuary  | 4634 ||| READING scroll labelled MAWAME BEOTE.
  4635 | Ossuary  | 4635 ||| DRINKING 2 sedimented white potions.
  4636 | Ossuary  | 4636 ||| DRINKING 2 murky cyan potions.
  4658 | Ossuary  | 4658 ||| DRINKING 2 murky clear potions.
  4659 | Ossuary  | 4659 ||| READING 2 scrolls of identify.
  4659 | Ossuary  | 4659 ||| IDENTIFYING amethyst potion
  4660 | Ossuary  | 4660 ||| DROPPING potion of lignification.
  4661 | Ossuary  | 4661 ||| DROPPING potion of degeneration.
  4686 | D:4      | 4686 ||| PLANNING D:1-11
  4875 | D:5      | Entered Level 5 of the Dungeon
  4880 | D:5      | 4880 ||| STAIRDANCE
  4882 | D:4      | 4882 ||| INVOKING Berserk.
  4888 | D:4      | Reached skill level 9 in Axes
  4888 | D:4      | Reached XP level 7. HP: 59/59 MP: 6/6
  5013 | D:5      | Reached skill level 3 in Shields
  5220 | D:5      | 5220 ||| Stepping ~*~*~tactically~*~*~ (stealth).
  5255 | D:5      | Reached skill level 3 in Armour
  6107 | D:5      | Noticed Sigmund
  6111 | D:5      | 6111 ||| INVOKING Berserk.
  6114 | D:5      | Killed Sigmund
  6115 | D:5      | Reached XP level 8. HP: 69/69 MP: 7/7
  6271 | D:5      | Reached skill level 1 in Throwing
  6383 | D:5      | 6383 ||| READING 3 scrolls of identify.
  6383 | D:5      | 6383 ||| IDENTIFYING yellow potion
  6384 | D:5      | 6384 ||| READING 2 scrolls of identify.
  6384 | D:5      | 6384 ||| IDENTIFYING clear potion
  6385 | D:5      | 6385 ||| DROPPING potion of attraction.
  6509 | D:6      | Noticed a gargoyle
  6521 | D:6      | 6521 ||| INVOKING Berserk.
  6525 | D:6      | Killed a gargoyle
  6549 | D:6      | 6549 ||| Stepping ~*~*~tactically~*~*~ (stealth).
  6640 | D:6      | 6640 ||| FLEEEEING.
  6641 | D:6      | 6641 ||| FLEEEEING.
  6642 | D:6      | 6642 ||| FLEEEEING.
  6643 | D:6      | 6643 ||| FLEEEEING.
  6644 | D:6      | 6644 ||| FLEEEEING.
  6645 | D:6      | 6645 ||| FLEEEEING.
  6646 | D:6      | 6646 ||| FLEEEEING.
  6647 | D:6      | 6647 ||| FLEEEEING.
  6648 | D:6      | 6648 ||| FLEEEEING.
  6649 | D:6      | 6649 ||| FLEEEEING.
  6650 | D:6      | 6650 ||| FLEEEEING.
  6651 | D:6      | 6651 ||| FLEEEEING.
  6652 | D:6      | 6652 ||| FLEEEEING.
  6653 | D:6      | 6653 ||| FLEEEEING.
  6654 | D:6      | 6654 ||| FLEEEEING.
  6655 | D:6      | 6655 ||| FLEEEEING.
  6658 | D:6      | 6658 ||| FLEEEEING.
  6659 | D:6      | 6659 ||| FLEEEEING.
  6660 | D:6      | 6660 ||| FLEEEEING.
  6661 | D:6      | 6661 ||| FLEEEEING.
  6662 | D:6      | 6662 ||| FLEEEEING.
  6663 | D:6      | 6663 ||| FLEEEEING.
  6664 | D:6      | 6664 ||| FLEEEEING.
  6665 | D:6      | 6665 ||| FLEEEEING.
  6666 | D:6      | 6666 ||| FLEEEEING.
  6667 | D:6      | 6667 ||| FLEEEEING.
  6668 | D:6      | 6668 ||| FLEEEEING.
  6669 | D:6      | 6669 ||| FLEEEEING.
  6670 | D:6      | 6670 ||| FLEEEEING.
  6671 | D:6      | 6671 ||| FLEEEEING.
  6672 | D:6      | 6672 ||| FLEEEEING.
  6673 | D:6      | 6673 ||| FLEEEEING.
  6674 | D:6      | 6674 ||| FLEEEEING.
  6675 | D:6      | 6675 ||| FLEEEEING.
  6676 | D:6      | 6676 ||| FLEEEEING.
  6677 | D:6      | 6677 ||| FLEEEEING.
  6678 | D:6      | 6678 ||| FLEEEEING.
  6679 | D:6      | 6679 ||| FLEEEEING.
  6680 | D:6      | 6680 ||| FLEEEEING.
  6681 | D:6      | 6681 ||| FLEEEEING.
  6682 | D:6      | 6682 ||| FLEEEEING.
  6683 | D:6      | 6683 ||| FLEEEEING.
  6684 | D:6      | 6684 ||| FLEEEEING.
  6685 | D:6      | 6685 ||| FLEEEEING.
  6686 | D:6      | 6686 ||| FLEEEEING.
  6687 | D:6      | 6687 ||| FLEEEEING.
  6688 | D:6      | 6688 ||| FLEEEEING.
  6689 | D:6      | 6689 ||| FLEEEEING.
  6690 | D:6      | 6690 ||| FLEEEEING.
  6691 | D:6      | 6691 ||| FLEEEEING.
  6692 | D:6      | 6692 ||| FLEEEEING.
  6693 | D:6      | 6693 ||| FLEEEEING.
  6694 | D:6      | 6694 ||| FLEEEEING.
  6695 | D:6      | 6695 ||| FLEEEEING.
  6696 | D:6      | 6696 ||| FLEEEEING.
  6697 | D:6      | 6697 ||| FLEEEEING.
  6698 | D:6      | 6698 ||| FLEEEEING.
  6699 | D:6      | 6699 ||| FLEEEEING.
  6700 | D:6      | 6700 ||| STAIRDANCE
  6758 | D:5      | 6758 ||| READING 2 scrolls of identify.
  6758 | D:5      | 6758 ||| IDENTIFYING brown potion
  6761 | D:6      | 6761 ||| INVOKING Berserk.
  6765 | D:6      | 6765 ||| STAIRDANCE
  6817 | D:6      | Found a runed translucent gate.
  6817 | D:6      | Found a runed translucent gate.
  6817 | D:6      | Found a runed translucent gate.
  6819 | D:6      | Noticed qw's ghost (weakling GrDe)
  6819 | D:6      | Noticed qw's ghost (novice MiBe)
  6985 | D:6      | 6985 ||| Stepping ~*~*~tactically~*~*~ (hiding).
  6993 | D:6      | Reached skill level 4 in Shields
  7018 | D:6      | 7018 ||| Stepping ~*~*~tactically~*~*~ (stealth).
  7022 | D:6      | 7022 ||| Stepping ~*~*~tactically~*~*~ (stealth).
  7024 | D:6      | 7024 ||| Stepping ~*~*~tactically~*~*~ (stealth).
  7025 | D:6      | 7025 ||| Stepping ~*~*~tactically~*~*~ (stealth).
  7072 | D:6      | 7072 ||| Stepping ~*~*~tactically~*~*~ (stealth).
  7122 | D:6      | 7122 ||| Stepping ~*~*~tactically~*~*~ (stealth).
  7332 | D:6      | 7332 ||| INVOKING Berserk.
  7342 | D:6      | Reached XP level 9. HP: 79/79 MP: 8/8
  7344 | D:6      | 7344 ||| DRINKING 4 potions of curing.
  7344 | D:6      | 7344 ||| (to cure confusion)
  7349 | D:6      | 7349 ||| Stepping ~*~*~tactically~*~*~ (stealth).
  7356 | D:6      | 7356 ||| Stepping ~*~*~tactically~*~*~ (stealth).
  7361 | D:6      | 7361 ||| DRINKING 3 potions of curing.
  7361 | D:6      | 7361 ||| (to cure confusion)
  7432 | D:6      | Found a staircase to the Ecumenical Temple.
  7541 | D:6      | Found a hazy altar of Hepliaklqana.
  7670 | D:6      | Reached skill level 12 in Axes
  7677 | D:6      | 7677 ||| Stepping ~*~*~tactically~*~*~ (stealth).
  7884 | D:7      | 7884 ||| STAIRDANCE
  8048 | D:7      | 8048 ||| INVOKING Berserk.
  8265 | D:7      | 8265 ||| Stepping ~*~*~tactically~*~*~ (hiding).
  8267 | D:7      | 8267 ||| Stepping ~*~*~tactically~*~*~ (hiding).
  8325 | D:7      | Found a transporter.
  8351 | D:7      | Noticed a moth of wrath
  8352 | D:7      | Noticed qw's ghost (novice GrFi)
  8355 | D:7      | Found a bloodstained altar of Trog.
  8378 | D:7      | Found a transporter.
  8552 | D:7      | 8552 ||| UPGRADING to +0 plate armour.
  8562 | D:7      | 8562 ||| DROPPING +0 chain mail.
  8563 | D:7      | 8563 ||| DRINKING 2 golden potions.
  8564 | D:7      | 8564 ||| DRINKING 5 glowing cyan potions.
  8565 | D:7      | 8565 ||| READING 2 scrolls of identify.
  8565 | D:7      | 8565 ||| IDENTIFYING metallic puce potion
  8566 | D:7      | 8566 ||| DROPPING potion of brilliance.
  8567 | D:7      | 8567 ||| DROPPING 4 potions of flight.
  8568 | D:7      | 8568 ||| DROPPING potion of ambrosia.
  8626 | D:8      | 8626 ||| Stepping ~*~*~tactically~*~*~ (stealth).
  8662 | D:8      | Noticed Grum
  8663 | D:8      | 8663 ||| Stepping ~*~*~tactically~*~*~ (stealth).
  8677 | D:8      | 8677 ||| INVOKING Berserk.
  8682 | D:8      | Killed Grum
  8683 | D:8      | Reached skill level 6 in Armour
  8872 | D:8      | 8872 ||| Stepping ~*~*~tactically~*~*~ (hiding).
  8939 | D:8      | 8939 ||| Stepping ~*~*~tactically~*~*~ (hiding).
  8991 | D:8      | 8991 ||| Stepping ~*~*~tactically~*~*~ (stealth).
  8995 | D:8      | Reached skill level 5 in Shields
  9008 | D:8      | Reached XP level 10. HP: 54/88 MP: 9/9
  9073 | D:8      | Noticed a manticore
  9074 | D:8      | 9074 ||| Stepping ~*~*~tactically~*~*~ (stealth).
  9187 | D:8      | 9187 ||| INVOKING Berserk.
  9192 | D:8      | Killed a manticore
  9533 | D:8      | 9533 ||| Stepping ~*~*~tactically~*~*~ (hiding).
  9553 | D:8      | 9553 ||| DROPPING +0 flail.
  9598 | D:8      | Noticed a two-headed ogre
  9599 | D:8      | 9599 ||| INVOKING Berserk.
  9603 | D:8      | Killed a two-headed ogre
  9604 | D:8      | Reached skill level 3 in Throwing
  9753 | D:8      | Noticed Amaemon
  9754 | D:8      | 9754 ||| INVOKING Berserk.
  9756 | D:8      | Noticed an orange demon
  9764 | D:8      | Reached skill level 3 in Dodging
  9765 | D:8      | Killed Amaemon
  9773 | D:8      | Killed an orange demon
 10010 | D:8      | 10010 ||| DROPPING +0 morningstar.
 10023 | D:8      | 10023 ||| Stepping ~*~*~tactically~*~*~ (hiding).
 10027 | D:8      | 10027 ||| INVOKING Berserk.
 10032 | D:8      | Reached skill level 9 in Fighting
 10474 | D:8      | 10474 ||| DROPPING +0 cloak.
 10475 | D:8      | 10475 ||| READING scroll labelled BIOKHU FEX.
 10476 | D:8      | 10476 ||| READING 2 scrolls of identify.
 10476 | D:8      | 10476 ||| IDENTIFYING grey potion
 10537 | D:9      | 10537 ||| Stepping ~*~*~tactically~*~*~ (hiding).
 10539 | D:9      | 10539 ||| Stepping ~*~*~tactically~*~*~ (hiding).
 10540 | D:9      | 10540 ||| Stepping ~*~*~tactically~*~*~ (hiding).
 10541 | D:9      | 10541 ||| Stepping ~*~*~tactically~*~*~ (hiding).
 10542 | D:9      | 10542 ||| Stepping ~*~*~tactically~*~*~ (hiding).
 10547 | D:9      | 10547 ||| INVOKING Berserk.
 10556 | D:9      | Reached skill level 6 in Shields
 10748 | D:9      | Found an iron altar of Okawaru.
 10860 | D:9      | 10860 ||| Stepping ~*~*~tactically~*~*~ (stealth).
 10867 | D:9      | 10867 ||| Stepping ~*~*~tactically~*~*~ (stealth).
 10874 | D:9      | Noticed a smoke demon
 10875 | D:9      | 10875 ||| Stepping ~*~*~tactically~*~*~ (hiding).
 10885 | D:9      | Noticed a sun demon
 10885 | D:9      | 10885 ||| INVOKING Berserk.
 11051 | D:9      | 11051 ||| Stepping ~*~*~tactically~*~*~ (hiding).
 11228 | D:9      | Reached XP level 11. HP: 96/99 MP: 10/10
 11278 | D:9      | 11278 ||| Stepping ~*~*~tactically~*~*~ (hiding).
 11286 | D:9      | 11286 ||| Stepping ~*~*~tactically~*~*~ (hiding).
 11305 | D:9      | Reached ***** piety under Trog
 11306 | D:9      | Reached skill level 9 in Armour
 11383 | D:9      | 11383 ||| Stepping ~*~*~tactically~*~*~ (hiding).
 11384 | D:9      | 11384 ||| Stepping ~*~*~tactically~*~*~ (hiding).
 11432 | D:9      | 11432 ||| Stepping ~*~*~tactically~*~*~ (stealth).
 11442 | D:9      | 11442 ||| INVOKING Berserk.
 11866 | D:9      | 11866 ||| READING scroll labelled GYTHATYLOT.
 11909 | D:10     | Entered Level 10 of the Dungeon
 11909 | D:10     | Found a staircase to the Orcish Mines.
 11935 | D:10     | 11935 ||| Stepping ~*~*~tactically~*~*~ (stealth).
 11975 | D:10     | 11975 ||| Stepping ~*~*~tactically~*~*~ (stealth).
 11981 | D:10     | 11981 ||| Stepping ~*~*~tactically~*~*~ (stealth).
 11982 | D:10     | 11982 ||| Stepping ~*~*~tactically~*~*~ (stealth).
 11984 | D:10     | Reached skill level 7 in Shields
 12247 | D:10     | Received a gift from Trog
 12366 | D:10     | 12366 ||| SWAPPING to +3 war axe.
 12367 | D:10     | 12367 ||| DROPPING +1 hand axe of venom.
 12376 | D:10     | 12376 ||| Stepping ~*~*~tactically~*~*~ (stealth).
 12382 | D:10     | 12382 ||| INVOKING Berserk.
 12609 | D:10     | Found a shadowy altar of Dithmenos.
 12660 | D:10     | 12660 ||| Stepping ~*~*~tactically~*~*~ (hiding).
 12717 | D:10     | 12717 ||| READING scroll of enchant armour.
 12717 | D:10     | 12717 ||| ENCHANTING +0 pair of boots.
 12725 | D:10     | 12725 ||| Stepping ~*~*~tactically~*~*~ (stealth).
 12730 | D:10     | 12730 ||| Stepping ~*~*~tactically~*~*~ (stealth).
 12731 | D:10     | 12731 ||| Stepping ~*~*~tactically~*~*~ (hiding).
 12733 | D:10     | 12733 ||| Stepping ~*~*~tactically~*~*~ (hiding).
 12734 | D:10     | 12734 ||| Stepping ~*~*~tactically~*~*~ (stealth).
 12736 | D:10     | 12736 ||| Stepping ~*~*~tactically~*~*~ (stealth).
 12737 | D:10     | 12737 ||| Stepping ~*~*~tactically~*~*~ (stealth).
 12738 | D:10     | 12738 ||| Stepping ~*~*~tactically~*~*~ (hiding).
 12742 | D:10     | 12742 ||| Stepping ~*~*~tactically~*~*~ (hiding).
 12744 | D:10     | 12744 ||| INVOKING Berserk.
 12948 | D:10     | Found a white marble altar of Elyvilon.
 13016 | D:11     | 13016 ||| STAIRDANCE
 13125 | D:11     | Noticed a four-headed hydra
 13126 | D:11     | 13126 ||| INVOKING Brothers in Arms.
 13128 | D:11     | 13128 ||| SWAPPING to -1 demon whip of venom.
 13129 | D:11     | 13129 ||| INVOKING Berserk.
 13133 | D:11     | Killed a four-headed hydra
 13138 | D:11     | Reached skill level 15 in Axes
 13156 | D:11     | 13156 ||| SWAPPING to +3 war axe.
 13265 | D:11     | 13265 ||| Stepping ~*~*~tactically~*~*~ (stealth).
 13412 | D:11     | Noticed an eight-headed hydra
 13413 | D:11     | 13413 ||| INVOKING Brothers in Arms.
 13414 | D:11     | 13414 ||| INVOKING Brothers in Arms.
 13415 | D:11     | 13415 ||| INVOKING Brothers in Arms.
 13416 | D:11     | 13416 ||| INVOKING Brothers in Arms.
 13417 | D:11     | 13417 ||| INVOKING Brothers in Arms.
 13418 | D:11     | 13418 ||| SWAPPING to -1 demon whip of venom.
 13419 | D:11     | 13419 ||| INVOKING Berserk.
 13422 | D:11     | Killed an eight-headed hydra
 13428 | D:11     | 13428 ||| SWAPPING to +3 war axe.
 13525 | D:11     | 13525 ||| FLEEEEING.
 13526 | D:11     | 13526 ||| FLEEEEING.
 13527 | D:11     | 13527 ||| FLEEEEING.
 13528 | D:11     | 13528 ||| FLEEEEING.
 13529 | D:11     | 13529 ||| FLEEEEING.
 13531 | D:11     | 13531 ||| FLEEEEING.
 13532 | D:11     | 13532 ||| FLEEEEING.
 13533 | D:11     | 13533 ||| FLEEEEING.
 13534 | D:11     | 13534 ||| FLEEEEING.
 13535 | D:11     | 13535 ||| FLEEEEING.
 13536 | D:11     | 13536 ||| FLEEEEING.
 13537 | D:11     | 13537 ||| FLEEEEING.
 13538 | D:11     | 13538 ||| FLEEEEING.
 13539 | D:11     | 13539 ||| FLEEEEING.
 13540 | D:11     | 13540 ||| FLEEEEING.
 13541 | D:11     | 13541 ||| FLEEEEING.
 13542 | D:11     | 13542 ||| FLEEEEING.
 13543 | D:11     | 13543 ||| FLEEEEING.
 13544 | D:11     | 13544 ||| FLEEEEING.
 13545 | D:11     | 13545 ||| FLEEEEING.
 13546 | D:11     | 13546 ||| FLEEEEING.
 13547 | D:11     | 13547 ||| FLEEEEING.
 13548 | D:11     | 13548 ||| FLEEEEING.
 13549 | D:11     | 13549 ||| FLEEEEING.
 13551 | D:11     | 13551 ||| FLEEEEING.
 13552 | D:11     | 13552 ||| STAIRDANCE
 13637 | D:11     | 13637 ||| STAIRDANCE
 13732 | D:11     | Noticed Erica
 13733 | D:11     | Noticed a cyan ugly thing
 13734 | D:11     | 13734 ||| INVOKING Berserk.
 13740 | D:11     | Noticed an eight-headed hydra
 13741 | D:11     | Killed Erica
 13743 | D:11     | Killed a cyan ugly thing
 13753 | D:11     | Killed an 11-headed hydra
 13758 | D:11     | Reached skill level 12 in Fighting
 13768 | D:11     | Reached XP level 12. HP: 71/112 MP: 11/11
 14050 | D:11     | Noticed a six-headed hydra
 14054 | D:11     | 14054 ||| SWAPPING to -1 demon whip of venom.
 14055 | D:11     | 14055 ||| INVOKING Berserk.
 14059 | D:11     | Killed a six-headed hydra
 14131 | D:11     | 14131 ||| SWAPPING to +3 war axe.
 14246 | D:11     | 14246 ||| READING scroll of enchant armour.
 14246 | D:11     | 14246 ||| ENCHANTING +1 pair of boots.
 14254 | D:11     | 14254 ||| Stepping ~*~*~tactically~*~*~ (stealth).
 14261 | D:11     | 14261 ||| Stepping ~*~*~tactically~*~*~ (stealth).
 14377 | D:11     | Noticed a boulder beetle
 14380 | D:11     | 14380 ||| INVOKING Berserk.
 14393 | D:11     | Killed a boulder beetle
 14505 | D:11     | Found a staircase to the Lair.
 14545 | D:11     | 14545 ||| Stepping ~*~*~tactically~*~*~ (hiding).
 14734 | D:11     | 14734 ||| PLANNING LAIR
 14759 | Lair:1   | Entered Level 1 of the Lair of Beasts
 14870 | Lair:1   | Reached skill level 8 in Shields
 15112 | Lair:1   | 15112 ||| READING scroll of brand weapon.
 15112 | Lair:1   | 15112 ||| BRANDING +3 war axe.
 15184 | Lair:1   | 15184 ||| Stepping ~*~*~tactically~*~*~ (stealth).
 15194 | Lair:1   | 15194 ||| Stepping ~*~*~tactically~*~*~ (stealth).
 15407 | Lair:1   | 15407 ||| Stepping ~*~*~tactically~*~*~ (stealth).
 15432 | Lair:1   | 15432 ||| INVOKING Berserk.
 15560 | Lair:1   | 15560 ||| DRINKING potion of cancellation.
 15808 | Lair:1   | 15808 ||| Stepping ~*~*~tactically~*~*~ (stealth).
 16015 | Lair:1   | 16015 ||| READING scroll labelled NEIHAPNOIPN.
 16073 | Lair:2   | 16073 ||| FLEEEEING.
 16074 | Lair:2   | 16074 ||| FLEEEEING.
 16075 | Lair:2   | 16075 ||| FLEEEEING.
 16076 | Lair:2   | 16076 ||| STAIRDANCE
 16117 | Lair:2   | 16117 ||| INVOKING Berserk.
 16133 | Lair:2   | 16133 ||| STAIRDANCE
 16324 | Lair:2   | Reached skill level 6 in Dodging
 16353 | Lair:2   | 16353 ||| READING scroll of brand weapon.
 16353 | Lair:2   | 16353 ||| BRANDING +3 war axe of electrocution.
 16358 | Lair:2   | 16358 ||| Stepping ~*~*~tactically~*~*~ (stealth).
 16361 | Lair:2   | 16361 ||| Stepping ~*~*~tactically~*~*~ (stealth).
 16363 | Lair:2   | 16363 ||| Stepping ~*~*~tactically~*~*~ (stealth).
 16367 | Lair:2   | 16367 ||| Stepping ~*~*~tactically~*~*~ (stealth).
 16370 | Lair:2   | Reached skill level 9 in Shields
 16412 | Lair:2   | 16412 ||| READING scroll of brand weapon.
 16412 | Lair:2   | 16412 ||| BRANDING +3 vorpal war axe.
 16781 | Lair:2   | 16781 ||| READING scroll of enchant armour.
 16781 | Lair:2   | 16781 ||| ENCHANTING +0 plate armour.
 16790 | Lair:2   | 16790 ||| READING scroll of enchant armour.
 16790 | Lair:2   | 16790 ||| ENCHANTING +1 plate armour.
 17084 | Lair:3   | Noticed Gastronok
 17089 | Lair:3   | 17089 ||| INVOKING Berserk.
 17095 | Lair:3   | Killed Gastronok
 17203 | Lair:3   | Noticed a boulder beetle
 17206 | Lair:3   | 17206 ||| INVOKING Berserk.
 17212 | Lair:3   | Killed a boulder beetle
 17373 | Lair:3   | Noticed Fannar
 17383 | Lair:3   | Killed Fannar
 17433 | Lair:3   | 17433 ||| Stepping ~*~*~tactically~*~*~ (stealth).
 17434 | Lair:3   | 17434 ||| Stepping ~*~*~tactically~*~*~ (stealth).
 17458 | Lair:3   | Reached XP level 13. HP: 123/123 MP: 12/12
 17483 | Lair:3   | 17483 ||| Stepping ~*~*~tactically~*~*~ (stealth).
 17493 | Lair:3   | 17493 ||| Stepping ~*~*~tactically~*~*~ (hiding).
 17616 | Lair:3   | 17616 ||| Stepping ~*~*~tactically~*~*~ (hiding).
 17622 | Lair:3   | Reached skill level 6 in Throwing
 17692 | Lair:3   | Found a hole to the Spider Nest.
 17751 | Lair:3   | 17751 ||| INVOKING Brothers in Arms.
 17753 | Lair:3   | 17753 ||| SWAPPING to -1 demon whip of venom.
 17754 | Lair:3   | 17754 ||| INVOKING Brothers in Arms.
 17755 | Lair:3   | 17755 ||| INVOKING Berserk.
 17762 | Lair:3   | 17762 ||| SWAPPING to +3 spectral war axe.
 17900 | Lair:3   | 17900 ||| INVOKING Berserk.
 18249 | Lair:3   | 18249 ||| Stepping ~*~*~tactically~*~*~ (stealth).
 18252 | Lair:3   | 18252 ||| Stepping ~*~*~tactically~*~*~ (stealth).
 18254 | Lair:3   | 18254 ||| INVOKING Berserk.
 18258 | Lair:3   | Found a staircase to the Swamp.
 18433 | Lair:3   | 18433 ||| Stepping ~*~*~tactically~*~*~ (stealth).
 18435 | Lair:3   | 18435 ||| Stepping ~*~*~tactically~*~*~ (stealth).
 18436 | Lair:3   | 18436 ||| INVOKING Berserk.
 18693 | Lair:3   | 18693 ||| Stepping ~*~*~tactically~*~*~ (stealth).
 18695 | Lair:3   | 18695 ||| Stepping ~*~*~tactically~*~*~ (stealth).
 18751 | Lair:3   | 18751 ||| UPGRADING to +1 hat.
 18756 | Lair:3   | 18756 ||| UPGRADING to +0 tower shield.
 18766 | Lair:3   | 18766 ||| DROPPING +0 buckler.
 18767 | Lair:3   | 18767 ||| READING scroll labelled DIGASE RONKICW.
 18895 | Lair:4   | 18895 ||| Stepping ~*~*~tactically~*~*~ (stealth).
 18897 | Lair:4   | 18897 ||| Stepping ~*~*~tactically~*~*~ (stealth).
 19000 | Lair:4   | 19000 ||| Stepping ~*~*~tactically~*~*~ (stealth).
 19015 | Lair:4   | 19015 ||| INVOKING Berserk.
 19135 | Lair:4   | 19135 ||| INVOKING Brothers in Arms.
 19137 | Lair:4   | 19137 ||| SWAPPING to -1 demon whip of venom.
 19138 | Lair:4   | 19138 ||| INVOKING Berserk.
 19149 | Lair:4   | Reached skill level 10 in Shields
 19180 | Lair:4   | 19180 ||| SWAPPING to +3 spectral war axe.
 19414 | Lair:4   | 19414 ||| INVOKING Berserk.
 19664 | Lair:4   | You fall into a shaft and drop 1 floor!
 19664 | Lair:5   | Entered Level 5 of the Lair of Beasts
 19677 | Lair:5   | 19677 ||| Stepping ~*~*~tactically~*~*~ (stealth).
 19678 | Lair:5   | 19678 ||| Stepping ~*~*~tactically~*~*~ (stealth).
 19680 | Lair:5   | 19680 ||| Stepping ~*~*~tactically~*~*~ (stealth).
 19722 | Lair:5   | 19722 ||| INVOKING Berserk.
 19864 | Lair:5   | 19864 ||| INVOKING Berserk.
 19997 | Lair:5   | Reached skill level 11 in Shields
 20074 | Lair:4   | 20074 ||| Stepping ~*~*~tactically~*~*~ (stealth).
 20081 | Lair:4   | 20081 ||| INVOKING Berserk.
 20535 | Lair:4   | 20535 ||| INVOKING Berserk.
 20805 | Lair:5   | 20805 ||| INVOKING Berserk.
 20809 | Lair:5   | Reached skill level 12 in Shields
 20974 | Lair:5   | 20974 ||| Stepping ~*~*~tactically~*~*~ (stealth).
 20977 | Lair:5   | 20977 ||| INVOKING Berserk.
 20991 | Lair:5   | 20991 ||| INVOKING Brothers in Arms.
 20992 | Lair:5   | 20992 ||| SWAPPING to -1 demon whip of venom.
 20995 | Lair:5   | Reached skill level 13 in Shields
 20995 | Lair:5   | 20995 ||| SWAPPING to +3 spectral war axe.
 21136 | Lair:5   | 21136 ||| READING scroll of enchant weapon.
 21136 | Lair:5   | 21136 ||| ENCHANTING +3 spectral war axe.
 21159 | Lair:5   | Found a runed translucent door.
 21160 | Lair:5   | Found a staircase to the Slime Pits.
 21196 | Lair:5   | 21196 ||| INVOKING Berserk.
 21447 | Lair:5   | 21447 ||| INVOKING Berserk.
 21592 | Lair:5   | 21592 ||| INVOKING Berserk.
 21712 | Lair:5   | 21712 ||| Stepping ~*~*~tactically~*~*~ (stealth).
 21719 | Lair:5   | Reached skill level 14 in Shields
 21720 | Lair:5   | 21720 ||| INVOKING Berserk.
 21861 | Lair:5   | 21861 ||| Stepping ~*~*~tactically~*~*~ (stealth).
 21868 | Lair:5   | 21868 ||| Stepping ~*~*~tactically~*~*~ (stealth).
 21874 | Lair:5   | 21874 ||| INVOKING Berserk.
 21884 | Lair:5   | Reached XP level 14. HP: 132/132 MP: 13/13
 21895 | Lair:5   | 21895 ||| Stepping ~*~*~tactically~*~*~ (cloud).
 21897 | Lair:5   | 21897 ||| Stepping ~*~*~tactically~*~*~ (cloud).
 22025 | Lair:5   | 22025 ||| Stepping ~*~*~tactically~*~*~ (hiding).
 22171 | Lair:5   | 22171 ||| INVOKING Berserk.
 22175 | Lair:5   | Reached skill level 15 in Shields
 22293 | Lair:5   | 22293 ||| Stepping ~*~*~tactically~*~*~ (cloud).
 22299 | Lair:5   | 22299 ||| INVOKING Berserk.
 22541 | Lair:5   | 22541 ||| Stepping ~*~*~tactically~*~*~ (stealth).
 22549 | Lair:5   | 22549 ||| Stepping ~*~*~tactically~*~*~ (stealth).
 22551 | Lair:5   | 22551 ||| Stepping ~*~*~tactically~*~*~ (stealth).
 22595 | Lair:5   | 22595 ||| Stepping ~*~*~tactically~*~*~ (stealth).
 22600 | Lair:5   | 22600 ||| Stepping ~*~*~tactically~*~*~ (stealth).
 22601 | Lair:5   | 22601 ||| Stepping ~*~*~tactically~*~*~ (stealth).
 22900 | Lair:5   | 22900 ||| PLANNING D
 23157 | D:12     | 23157 ||| INVOKING Brothers in Arms.
 23158 | D:12     | 23158 ||| INVOKING Brothers in Arms.
 23159 | D:12     | 23159 ||| INVOKING Brothers in Arms.
 23160 | D:12     | 23160 ||| INVOKING Brothers in Arms.
 23161 | D:12     | 23161 ||| SWAPPING to -1 demon whip of venom.
 23162 | D:12     | 23162 ||| INVOKING Berserk.
 23188 | D:12     | 23188 ||| SWAPPING to +4 spectral war axe.
 23315 | D:12     | 23315 ||| Stepping ~*~*~tactically~*~*~ (hiding).
 23377 | D:12     | 23377 ||| Stepping ~*~*~tactically~*~*~ (stealth).
 23378 | D:12     | 23378 ||| Stepping ~*~*~tactically~*~*~ (stealth).
 23429 | D:12     | 23429 ||| Stepping ~*~*~tactically~*~*~ (hiding).
 23621 | D:12     | Reached skill level 16 in Shields
 23623 | D:12     | 23623 ||| Stepping ~*~*~tactically~*~*~ (stealth).
 23625 | D:12     | 23625 ||| Stepping ~*~*~tactically~*~*~ (stealth).
 23973 | D:12     | 23973 ||| Invisible monster not found???
 24026 | D:12     | 24026 ||| INVOKING Berserk.
 24263 | D:12     | You fall into a shaft and drop 1 floor!
 24382 | D:13     | 24382 ||| INVOKING Berserk.
 24556 | D:13     | 24556 ||| READING 16 scrolls of identify.
 24556 | D:13     | 24556 ||| IDENTIFYING fizzy yellow potion
 24557 | D:13     | 24557 ||| DROPPING potion of magic.
 24801 | D:13     | 24801 ||| INVOKING Berserk.
 25136 | D:13     | 25136 ||| READING scroll of enchant weapon.
 25136 | D:13     | 25136 ||| ENCHANTING +4 spectral war axe.
 25219 | D:13     | 25219 ||| Stepping ~*~*~tactically~*~*~ (hiding).
 25229 | D:13     | Reached skill level 17 in Shields
 25244 | D:13     | 25244 ||| Stepping ~*~*~tactically~*~*~ (hiding).
 25306 | D:13     | Identified the +9 falchion of the Undead {freeze, Int+2}
 25634 | D:13     | 25634 ||| Stepping ~*~*~tactically~*~*~ (hiding).
 25635 | D:13     | 25635 ||| Stepping ~*~*~tactically~*~*~ (hiding).
 25638 | D:13     | 25638 ||| Stepping ~*~*~tactically~*~*~ (hiding).
 25643 | D:13     | 25643 ||| INVOKING Berserk.
 25843 | D:13     | 25843 ||| UPGRADING to +0 pair of gloves.
 25866 | D:14     | 25866 ||| Stepping ~*~*~tactically~*~*~ (stealth).
 25868 | D:14     | 25868 ||| Stepping ~*~*~tactically~*~*~ (stealth).
 25959 | D:14     | Noticed Agnes
 25962 | D:14     | 25962 ||| INVOKING Berserk.
 25971 | D:14     | Killed Agnes
 26123 | D:14     | Noticed Frances
 26124 | D:14     | 26124 ||| Stepping ~*~*~tactically~*~*~ (hiding).
 26127 | D:14     | 26127 ||| INVOKING Berserk.
 26133 | D:14     | Killed Frances
 26206 | D:14     | Noticed Azrael
 26207 | D:14     | 26207 ||| Stepping ~*~*~tactically~*~*~ (stealth).
 26230 | D:14     | Reached skill level 12 in Armour
 26234 | D:14     | 26234 ||| INVOKING Berserk.
 26238 | D:14     | Killed Azrael
 26411 | D:14     | Noticed Josephine
 26412 | D:14     | 26412 ||| Stepping ~*~*~tactically~*~*~ (hiding).
 26415 | D:14     | 26415 ||| Stepping ~*~*~tactically~*~*~ (hiding).
 26431 | D:14     | Killed Josephine
 26490 | D:14     | 26490 ||| Stepping ~*~*~tactically~*~*~ (hiding).
 26681 | D:14     | 26681 ||| Stepping ~*~*~tactically~*~*~ (hiding).
 26693 | D:14     | Reached skill level 18 in Shields
 26742 | D:14     | 26742 ||| INVOKING Brothers in Arms.
 26744 | D:14     | 26744 ||| SWAPPING to -1 demon whip of venom.
 26745 | D:14     | 26745 ||| INVOKING Berserk.
 26797 | D:14     | 26797 ||| SWAPPING to +5 spectral war axe.
 27183 | D:14     | 27183 ||| INVOKING Trog's Hand.
 27194 | D:14     | Found a gate to the Vaults.
 27206 | D:14     | 27206 ||| INVOKING Berserk.
 27605 | D:14     | 27605 ||| READING 2 scrolls labelled XAZEUL HIUSS.
 27606 | D:14     | 27606 ||| DROPPING scroll of fog.
 27646 | D:15     | Entered Level 15 of the Dungeon
 27664 | D:15     | Reached XP level 15. HP: 130/139 MP: 14/14
 27836 | D:15     | 27836 ||| Stepping ~*~*~tactically~*~*~ (stealth).
 27839 | D:15     | 27839 ||| SWAPPING to -1 demon whip of venom.
 27841 | D:15     | 27841 ||| INVOKING Berserk.
 27895 | D:15     | 27895 ||| SWAPPING to +5 spectral war axe.
 28007 | D:15     | Noticed Kirke
 28008 | D:15     | 28008 ||| INVOKING Trog's Hand.
 28011 | D:15     | 28011 ||| INVOKING Berserk.
 28018 | D:15     | Killed Kirke
 28019 | D:15     | Reached skill level 15 in Fighting
 28145 | D:15     | 28145 ||| FLEEEEING.
 28270 | D:15     | 28270 ||| Stepping ~*~*~tactically~*~*~ (hiding).
 28404 | D:15     | 28404 ||| FLEEEEING.
 28528 | D:15     | 28528 ||| INVOKING Trog's Hand.
 28561 | D:15     | 28561 ||| INVOKING Berserk.
 28602 | D:15     | 28602 ||| Stepping ~*~*~tactically~*~*~ (stealth).
 28790 | D:15     | Found a staircase to the Depths.
 28821 | D:15     | 28821 ||| Stepping ~*~*~tactically~*~*~ (stealth).
 28905 | D:15     | 28905 ||| Stepping ~*~*~tactically~*~*~ (stealth).
 28918 | D:15     | 28918 ||| Stepping ~*~*~tactically~*~*~ (stealth).
 28919 | D:15     | 28919 ||| Stepping ~*~*~tactically~*~*~ (stealth).
 28921 | D:15     | 28921 ||| Stepping ~*~*~tactically~*~*~ (stealth).
 28922 | D:15     | 28922 ||| Stepping ~*~*~tactically~*~*~ (stealth).
 28925 | D:15     | 28925 ||| Stepping ~*~*~tactically~*~*~ (stealth).
 28926 | D:15     | 28926 ||| Stepping ~*~*~tactically~*~*~ (stealth).
 28943 | D:15     | 28943 ||| Stepping ~*~*~tactically~*~*~ (stealth).
 28947 | D:15     | 28947 ||| Stepping ~*~*~tactically~*~*~ (hiding).
 28948 | D:15     | 28948 ||| Stepping ~*~*~tactically~*~*~ (hiding).
 28949 | D:15     | 28949 ||| Stepping ~*~*~tactically~*~*~ (hiding).
 29381 | D:15     | Found a portal to a secret trove of treasure.
 29386 | D:15     | 29386 ||| PLANNING ORC
 29386 | D:15     | 29386 ||| READING 18 scrolls of identify.
 29386 | D:15     | 29386 ||| IDENTIFYING fizzy puce potion
 29387 | D:15     | 29387 ||| DROPPING potion of berserk rage.
 29541 | Orc:1    | Entered Level 1 of the Orcish Mines
 29716 | Orc:2    | Entered Level 2 of the Orcish Mines
 29772 | Orc:2    | Found Tiddimitzia's Weapon Boutique.
 29803 | Orc:2    | 29803 ||| INVOKING Berserk.
 29804 | Orc:2    | Found Rorphabba's Antique Armour Shoppe.
 29932 | Orc:2    | 29932 ||| BUYING shiny swamp dragon scales (1431 gold).
 29932 | Orc:2    | Bought shiny swamp dragon scales for 1431 gold pieces
 29983 | Orc:2    | 29983 ||| INVOKING Berserk.
 29988 | Orc:2    | Found Lidahapt's Jewellery Emporium.
 30138 | Orc:2    | 30138 ||| SHOPLISTING +4 ring of evasion (504 gold, have
                  | 274).
 30138 | Orc:2    | 30138 ||| SHOPLISTING amulet "Zoocielo" {Spirit rPois rF-
                  | rC++ MP+9} (988 gold, have 274).
 30138 | Orc:2    | 30138 ||| SHOPLISTING amulet of reflection (420 gold, have
                  | 274).
 30138 | Orc:2    | 30138 ||| SHOPLISTING ring "Cannyokk" {Fly rN+ Str+5 Int+3
                  | Dex-2} (578 gold, have 274).
 30138 | Orc:2    | 30138 ||| SHOPLISTING ring of fire (350 gold, have 274).
 30138 | Orc:2    | 30138 ||| SHOPLISTING ring of protection from fire (350
                  | gold, have 274).
 30138 | Orc:2    | 30138 ||| SHOPLISTING ring of resist corrosion (280 gold,
                  | have 274).
 30138 | Orc:2    | 30138 ||| BUYING ring of see invisible (210 gold).
 30138 | Orc:2    | Bought a ring of see invisible for 210 gold pieces
 30138 | Orc:2    | 30138 ||| SHOPLISTING ring of willpower (350 gold, have
                  | 64).
 30159 | Orc:2    | 30159 ||| INVOKING Berserk.
 30164 | Orc:2    | Found Osaiseaff's General Store.
 30245 | Orc:2    | Found a staircase to the Elven Halls.
 30251 | Orc:2    | 30251 ||| SHOPLISTING +0 plate armour of fire resistance
                  | (300 gold, have 110).
 30251 | Orc:2    | 30251 ||| BUYING potion of curing (30 gold).
 30251 | Orc:2    | Bought a potion of curing for 30 gold pieces
 30251 | Orc:2    | 30251 ||| BUYING scroll of enchant weapon (75 gold).
 30251 | Orc:2    | Bought a scroll of enchant weapon for 75 gold pieces
 30251 | Orc:2    | 30251 ||| READING scroll of enchant weapon.
 30251 | Orc:2    | 30251 ||| ENCHANTING +5 spectral war axe.
 30348 | Orc:2    | 30348 ||| INVOKING Berserk.
 30351 | Orc:2    | Reached skill level 19 in Shields
 30556 | Orc:2    | 30556 ||| Stepping ~*~*~tactically~*~*~ (stealth).
 30558 | Orc:2    | 30558 ||| Stepping ~*~*~tactically~*~*~ (hiding).
 30559 | Orc:2    | 30559 ||| Stepping ~*~*~tactically~*~*~ (hiding).
 30561 | Orc:2    | 30561 ||| Stepping ~*~*~tactically~*~*~ (hiding).
 30700 | Orc:2    | 30700 ||| Stepping ~*~*~tactically~*~*~ (hiding).
 30701 | Orc:2    | 30701 ||| Stepping ~*~*~tactically~*~*~ (stealth).
 30702 | Orc:2    | 30702 ||| Stepping ~*~*~tactically~*~*~ (hiding).
 30704 | Orc:2    | 30704 ||| Stepping ~*~*~tactically~*~*~ (stealth).
 30749 | Orc:2    | Found Muuvybyrgh's Antique Weapon Emporium.
 30758 | Orc:2    | 30758 ||| INVOKING Berserk.
 30764 | Orc:2    | 30764 ||| FLEEEEING.
 30889 | Orc:2    | 30889 ||| BUYING glowing morningstar (203 gold).
 30889 | Orc:2    | Bought a glowing morningstar for 203 gold pieces
 30889 | Orc:2    | 30889 ||| DROPPING +2 vorpal morningstar.
 31149 | Orc:2    | 31149 ||| DROPPING +2 swamp dragon scales.
 31150 | Orc:2    | 31150 ||| UPGRADING to ring of see invisible.
 31198 | Orc:1    | 31198 ||| Stepping ~*~*~tactically~*~*~ (hiding).
 31201 | Orc:1    | 31201 ||| INVOKING Berserk.
 31380 | Orc:1    | 31380 ||| PLANNING SPIDER:1-3
 31593 | Spider:1 | Entered Level 1 of the Spider Nest
 31748 | Spider:1 | 31748 ||| Stepping ~*~*~tactically~*~*~ (hiding).
 31758 | Spider:1 | Noticed Mlioglotl
 31759 | Spider:1 | 31759 ||| INVOKING Brothers in Arms.
 31760 | Spider:1 | 31760 ||| INVOKING Berserk.
 31765 | Spider:1 | Killed Mlioglotl
 31774 | Spider:1 | 31774 ||| DRINKING 3 potions of resistance.
 32019 | Spider:1 | 32019 ||| Stepping ~*~*~tactically~*~*~ (hiding).
 32031 | Spider:1 | 32031 ||| Stepping ~*~*~tactically~*~*~ (stealth).
 32041 | Spider:1 | 32041 ||| Stepping ~*~*~tactically~*~*~ (stealth).
 32042 | Spider:1 | 32042 ||| Stepping ~*~*~tactically~*~*~ (stealth).
 32045 | Spider:1 | 32045 ||| Stepping ~*~*~tactically~*~*~ (hiding).
 32046 | Spider:1 | 32046 ||| INVOKING Berserk.
 32058 | Spider:1 | 32058 ||| DRINKING 9 potions of curing.
 32058 | Spider:1 | 32058 ||| (to cure confusion)
 32059 | Spider:1 | 32059 ||| INVOKING Brothers in Arms.
 32145 | Spider:1 | 32145 ||| Stepping ~*~*~tactically~*~*~ (stealth).
 32148 | Spider:1 | 32148 ||| DRINKING 2 potions of resistance.
 32237 | Spider:1 | 32237 ||| Stepping ~*~*~tactically~*~*~ (hiding).
 32238 | Spider:1 | 32238 ||| Stepping ~*~*~tactically~*~*~ (hiding).
 32346 | Spider:1 | 32346 ||| Stepping ~*~*~tactically~*~*~ (stealth).
 32350 | Spider:1 | 32350 ||| INVOKING Berserk.
 32510 | Spider:1 | 32510 ||| Stepping ~*~*~tactically~*~*~ (hiding).
 32588 | Spider:1 | 32588 ||| Stepping ~*~*~tactically~*~*~ (stealth).
 32589 | Spider:1 | 32589 ||| Stepping ~*~*~tactically~*~*~ (stealth).
 32738 | Spider:1 | 32738 ||| Stepping ~*~*~tactically~*~*~ (stealth).
 32759 | Spider:1 | 32759 ||| Stepping ~*~*~tactically~*~*~ (stealth).
 32769 | Spider:1 | Reached XP level 16. HP: 155/155 MP: 15/15
 33151 | Spider:2 | 33151 ||| STAIRDANCE
 33308 | Spider:2 | 33308 ||| INVOKING Brothers in Arms.
 33320 | Spider:2 | 33320 ||| INVOKING Berserk.
 33401 | Spider:2 | 33401 ||| FLEEEEING.
 33402 | Spider:2 | 33402 ||| FLEEEEING.
 33403 | Spider:2 | 33403 ||| FLEEEEING.
 33414 | Spider:2 | Noticed Arachne
 33415 | Spider:2 | 33415 ||| INVOKING Brothers in Arms.
 33416 | Spider:2 | 33416 ||| INVOKING Brothers in Arms.
 33417 | Spider:2 | 33417 ||| INVOKING Brothers in Arms.
 33419 | Spider:2 | 33419 ||| INVOKING Berserk.
 33422 | Spider:2 | HP: 58/232 [poisoned by a wolf spider]
 33427 | Spider:2 | HP: 39/232 [poisoned by Arachne]
 33432 | Spider:2 | HP: 35/232 [poisoned by Arachne]
 33433 | Spider:2 | HP: 14/232 [culicivora (10)]
 33434 | Spider:2 | HP: 6/232 [poisoned by Arachne]
 33439 | Spider:2 | HP: 4/232 [poisoned by Arachne]
 33439 | Spider:2 | Mangled by a demonic crawler

Levels and vault maps discovered:
D:1:      dpeg_arrival_tiny_b, layout_rooms, minmay_misc_feat_tiny,
          hangedman_decor_opposing
D:2:      layout_loops_ring, hellmonk_ecumenical_altar_leap_of_faith,
          basic_altar, uniq_crazy_yiuf_cottage
D:3:      layout_loops_ring, serial_shops, shop_statue, roderic_lattice_a,
          grunt_ministairs_10, uniq_ijyb, uniq_natasha, uniq_robin
D:4:      layout_basic, nicolae_ossuary_entry_monument, abandoned_shop,
          minmay_goblin_outpost
D:5:      layout_loops_corners, uniq_sigmund
D:6:      layout_loops_ring, nzn_hepliaklqana_mist_gate,
          minmay_temple_entry_offerings, gammafunk_ghost_cemetery, st_stairs_7,
          minivault_23
D:7:      layout_rooms, gammafunk_ghost_wrathful_warriors,
          corexii_hall_statues_deadend
D:8:      layout_loops_ring, uniq_amaemon, uniq_grum
D:9:      layout_stronghold, amcnicky_altar_gilded
D:10:     layout_cave_pools, marbit_many_paths, grunt_dithmenos_shadows,
          david_orc_3
D:11:     layout_roguey, lair_entry_dummy, grunt_ministairs_6, uniq_erica
D:12:     layout_loops_ring, kennysheep_potato
D:13:     minmay_skewed_foursquare, layout_small_grid
D:14:     layout_basic, grunt_vaults_entry_tiered, eino_curves_02,
          uniq_josephine, uniq_agnes, uniq_azrael, uniq_frances
D:15:     gammafunk_enter_depths_forms, layout_basic, serial_bayou,
          serial_bayou_pond_b, serial_bayou_lagoon_a, serial_bayou_pond_c,
          serial_bayou_lake_a, serial_bayou_ford_a, nicolae_trove_entry_crystal,
          uniq_kirke
Lair:1:   layout_small_grid
Lair:2:   layout_cave_pods, serial_bayou_shore_b, infiniplex_staircase_pool_2
Lair:3:   layout_loops_ring, minmay_swamp_entry_reptiles,
          spider_nest_entry_funnel_web, serial_bayou_pond_c, evilmike_ambush
          [evilmike_ambush_outer_pillars, evilmike_ambush_inner_basic],
          infiniplex_staircase_pool, uniq_fannar, uniq_gastronok
Lair:4:   layout_regular_city, nicolae_quartered_pool_super, forest_entry_grove
Lair:5:   evilmike_catoblepas_cave, layout_concentric_octagons, slime_entry_2
Spider:1: layout_spider_delve, uniq_mlioglotl
Spider:2: layout_chambers, uniq_arachne
Orc:1:    layout_caves
Orc:2:    grunt_orc_gardens, layout_diamond_mine, grunt_orc_garden,
          grunt_orc_garden, grunt_orc_garden, grunt_orc_garden, basic_altar,
          serial_shops, nicolae_lakefront_shop, kennysheep_orc_chapel

Skill      XL: |  1  2  3  4  5  6  7  8  9 10 11 12 13 14 15 16 |
---------------+-------------------------------------------------+-----
Axes           | 4 5 6 7 9 10 11 13 14 16 | 16.0
Shields        | 1 2 3 4 5 6 7 9 14 18 19 | 19.0
Fighting       | 4 5 7 8 9 12 13 14 17 | 17.0
Armour         | 3 4 6 8 9 11 13 14 | 14.6
Throwing       | 1 3 5 7 8 |  8.0
Dodging        | 3 4 6 7 8 |  8.0

Action                   |  1- 3 |  4- 6 |  7- 9 | 10-12 | 13-15 | 16-18 || total
-------------------------+-------+-------+-------+-------+-------+-------++-------
Melee: Hand axe          |    81 |   209 |   223 |   211 |       |       ||   724
       Headbutt          |     8 |    29 |    49 |   125 |   174 |    10 ||   395
       War axe           |       |       |       |   279 |   681 |    51 ||  1011
       Demon whip        |       |       |       |    13 |    24 |       ||    37
Throw: Boomerang         |       |    13 |    38 |    84 |   113 |       ||   248
       Javelin           |       |       |       |    19 |    68 |     1 ||    88
Invok: Berserk           |     2 |     7 |     6 |    18 |    42 |     2 ||    77
       Brothers in Arms  |       |       |       |     2 |     8 |     2 ||    12
       Trog's Hand       |       |       |       |       |     3 |       ||     3
  Use: Scroll            |     6 |     8 |     4 |    11 |     7 |       ||    36
       Potion            |     1 |     3 |     4 |     1 |     3 |       ||    12
 Stab: Distracted        |       |       |       |       |    11 |     3 ||    14
Armor: Animal skin       |     8 |       |       |       |       |       ||     8
       Leather armour    |     6 |     5 |       |       |       |       ||    11
       Chain mail        |       |    49 |    46 |       |       |       ||    95
       Plate armour      |       |       |    16 |   179 |   208 |    30 ||   433
Dodge: Dodged            |    36 |    66 |    52 |   147 |   110 |    18 ||   429
       Repelled          |       |     1 |     2 |       |     3 |     1 ||     7
Block: Buckler           |     2 |    25 |    40 |    71 |     4 |       ||   142
       Tower shield      |       |       |       |       |   375 |    56 ||   431

Table legend:
 A = Non-vault XP
 B = Vault XP
 C = Vault XP percentage of total XP
 D = Non-vault monster count
 E = Vault monster count
 F = Vault count percentage of total count
                 A         B        C        D         E       F
            +---------+---------+-------+---------+---------+-------
      Total |  112589 |   53250 |  32.1 |     562 |     210 |  27.2
            +---------+---------+-------+---------+---------+-------
        D:1 |      42 |       0 |   0.0 |      25 |       0 |   0.0
        D:2 |      15 |       0 |   0.0 |       9 |       0 |   0.0
        D:3 |     186 |     173 |  48.2 |      28 |      16 |  36.4
        D:4 |     244 |       2 |   0.8 |       9 |       1 |  10.0
        D:5 |     744 |     214 |  22.3 |      15 |       1 |   6.2
        D:6 |    1604 |     106 |   6.2 |      25 |       2 |   7.4
        D:7 |     608 |       0 |   0.0 |       8 |       0 |   0.0
        D:8 |    3556 |    1573 |  30.7 |      30 |       5 |  14.3
        D:9 |    3350 |       0 |   0.0 |      36 |       0 |   0.0
       D:10 |    3201 |     445 |  12.2 |      29 |       8 |  21.6
       D:11 |    8045 |    1296 |  13.9 |      42 |       3 |   6.7
       D:12 |    4385 |     115 |   2.6 |      18 |       1 |   5.3
       D:13 |    7777 |    1288 |  14.2 |      17 |       4 |  19.0
       D:14 |    4232 |   14003 |  76.8 |      10 |      38 |  79.2
       D:15 |   12670 |    8401 |  39.9 |      27 |      16 |  37.2
     Lair:1 |    5399 |       0 |   0.0 |      27 |       0 |   0.0
     Lair:2 |    3592 |       0 |   0.0 |      17 |       0 |   0.0
     Lair:3 |    5385 |    3250 |  37.6 |      16 |       9 |  36.0
     Lair:4 |    5031 |    1196 |  19.2 |      22 |       7 |  24.1
     Lair:5 |   11072 |   10232 |  48.0 |      28 |      23 |  45.1
   Spider:1 |   15845 |    1838 |  10.4 |      42 |       1 |   2.3
   Spider:2 |   10939 |       0 |   0.0 |      32 |       0 |   0.0
      Orc:1 |    2407 |       0 |   0.0 |      31 |       0 |   0.0
      Orc:2 |    2260 |    9023 |  80.0 |      19 |      20 |  51.3
    Ossuary |       0 |      95 | 100.0 |       0 |      55 | 100.0
            +---------+---------+-------+---------+---------+-------
